[Event "Titled Tuesday Blitz May 2 Late 2023"]
[White "Sailer, Mike"]
[Black "Karttunen, Mika"]
[WhiteFideId "2012901"]
[BlackFideId "502081"]
[WhiteElo "2109"]
[BlackElo "2396"]
[Result "0-1"]
[Round "01"]
[TimeControl "180+2"]
[Date "2023.05.02"]
[WhiteClock "0:00:00"]
[BlackClock "0:00:00"]

1. d4 Nf6 2. Bg5 Ne4 3. Bf4 d5 4. f3 Nf6 5. Nc3 e6 6. e4 Bb4 7. Bd3 O-O 8. e5 Nfd7 9. Bd2 c5 10. f4 cxd4 11. Nb5 Bxd2+ 12. Qxd2 Nc6 13. Nf3 f6 14. exf6 Nxf6 15. O-O Ne4 16. Qe2 Rxf4 17. Nbxd4 Qb6 18. c3 Bd7 19. Kh1 Raf8 20. g3 Nxd4 21. cxd4 R4f6 22. Bxe4 dxe4 23. Ne5 Qxd4 24. Nxd7 Rxf1+ 25. Rxf1 Rxf1+ 26. Qxf1 Qxd7 27. Qc4 Qd5 28. Qc8+ Kf7 29. Qc7+ Kg6 30. Qe7 e3+ 31. Kg1 Qf5 32. Qe8+ Kh6 33. Kg2 e2 34. Qd8 e1=Q 35. Qh4+ Kg6 0-1


[Site "https://www.chess.com"]

[Event "Titled Tuesday Blitz May 2 Late 2023"]
[White "Chemin, Justo Reinaldo"]
[Black "Ozates, Tuna"]
[WhiteFideId "2101580"]
[BlackFideId "6354521"]
[WhiteElo "1940"]
[BlackElo "2151"]
[Result "0-1"]
[Round "01"]
[TimeControl "180+2"]
[Date "2023.05.02"]
[WhiteClock "0:00:00"]
[BlackClock "0:00:00"]

1. e4 c5 2. Nf3 Nc6 3. d3 d6 4. Nc3 g6 5. g3 Bg7 6. Bg2 e5 7. O-O Nge7 8. Nh4 O-O 9. f4 exf4 10. gxf4 f5 11. Nf3 fxe4 12. Nxe4 Bg4 13. c3 b6 14. h3 Bf5 15. Ng3 Qd7 16. Kh2 d5 17. Nh4 Be6 18. Qe2 Rae8 19. Bd2 d4 20. Rae1 Nd5 21. c4 Nf6 22. Qf3 Ne7 23. f5 Nxf5 24. Nhxf5 Bxf5 25. Nxf5 Qxf5 26. Qxf5 gxf5 27. Rxf5 Rxe1 28. Bxe1 Re8 29. Bh4 Kf7 30. Bd5+ Kg6 31. Rg5+ Kh6 32. Rg2 Nxd5 33. Bg5+ Kh5 34. cxd5 Be5+ 35. Kg1 Bd6 36. Bd2 Re5 37. Rg7 Re7 38. Rg5+ Kh4 39. Rg2 Kxh3 40. Rg7 Rxg7+ 0-1


[Site "https://www.chess.com"]

[Event "Titled Tuesday Blitz May 2 Late 2023"]
[White "Kavutskiy, Konstantin"]
[Black "Fuentes Godoy, Lilia Ivonne"]
[WhiteFideId "2026384"]
[BlackFideId "5104130"]
[WhiteElo "2323"]
[BlackElo "2096"]
[Result "1-0"]
[Round "01"]
[TimeControl "180+2"]
[Date "2023.05.02"]
[WhiteClock "0:00:00"]
[BlackClock "0:00:00"]

1. d4 d5 2. c4 e6 3. Nf3 c6 4. e3 f5 5. b3 Bd6 6. Bd3 Nf6 7. O-O Qe7 8. Bb2 O-O 9. Qc1 Ne4 10. Ba3 Bxa3 11. Qxa3 Qxa3 12. Nxa3 Bd7 13. Rac1 Be8 14. Ne5 Nd7 15. f4 Nxe5 16. fxe5 Bh5 17. Bxe4 fxe4 18. Nb1 Be2 19. Rxf8+ Kxf8 20. cxd5 exd5 21. Rc2 Bd3 22. Rf2+ Ke7 23. Nc3 a5 24. Rf4 b5 25. Rg4 Kf7 26. h4 a4 27. b4 a3 28. Kf2 g6 29. Rf4+ Ke7 30. Kg3 Bc4 31. Rf6 Rf8 32. Rxc6 Rf1 33. Ra6 Re1 34. Kf2 Rc1 35. Rxa3 Rc2+ 36. Kg3 Rc1 37. h5 Rc2 38. h6 Bf1 39. Nxd5+ Ke6 40. Nf4+ Kf5 41. Ra6 1-0


[Site "https://www.chess.com"]

[Event "Titled Tuesday Blitz May 2 Late 2023"]
[White "Steenbekkers, Franck"]
[Black "Martic, Ivan"]
[WhiteFideId "1004220"]
[BlackFideId "929301"]
[WhiteElo "2164"]
[BlackElo "2360"]
[Result "1-0"]
[Round "01"]
[TimeControl "180+2"]
[Date "2023.05.02"]
[WhiteClock "0:00:00"]
[BlackClock "0:00:00"]

1. e4 Nf6 2. e5 Nd5 3. d4 d6 4. c4 Nb6 5. f4 g6 6. Nf3 Bg7 7. Nc3 Be6 8. d5 Bc8 9. Qd4 c6 10. Bd3 dxe5 11. fxe5 cxd5 12. cxd5 O-O 13. O-O e6 14. Bg5 Qe8 15. Qh4 Nxd5 16. Ne4 Nc6 17. Nf6+ Bxf6 18. exf6 h5 19. g4 Ncb4 20. Be4 Bd7 21. gxh5 e5 22. a3 Bf5 23. Bxf5 gxf5 24. axb4 Kh8 25. Bh6 Rg8+ 26. Bg7+ Rxg7+ 27. fxg7+ Kxg7 28. Qg5+ Kh8 29. Qh6+ Kg8 30. Ng5 Nf4 31. Qh7+ Kf8 32. Qh8+ Ke7 33. Qxe5+ Ne6 34. Rxf5 Qc6 35. Rxf7+ 1-0


[Site "https://www.chess.com"]

[Event "Titled Tuesday Blitz May 2 Late 2023"]
[White "Ricaurte Lopez, Juan Carlos"]
[Black "Becerra, Juan David"]
[WhiteFideId "3600327"]
[BlackFideId "4404998"]
[WhiteElo "2200"]
[BlackElo "2276"]
[Result "0-1"]
[Round "01"]
[TimeControl "180+2"]
[Date "2023.05.02"]
[WhiteClock "0:00:00"]
[BlackClock "0:00:00"]

1. e4 c5 2. d4 cxd4 3. c3 dxc3 4. Nxc3 d6 5. Nf3 a6 6. Bc4 Nc6 7. O-O Nf6 8. e5 dxe5 9. Qxd8+ Nxd8 10. Nxe5 Be6 11. Be3 g6 12. Bb6 Rc8 13. Bb3 Bxb3 14. axb3 Nc6 15. Nc4 Bg7 16. Rfe1 O-O 17. Rad1 Rfe8 18. h3 Nb8 19. Nd5 Nxd5 20. Rxd5 Rc6 21. Red1 Rcc8 22. g3 Bf6 23. Kg2 Kg7 24. f4 h5 25. g4 hxg4 26. hxg4 e6 27. R5d3 Rc6 28. g5 Bxb2 29. Rd8 Rxd8 30. Rxd8 Rxb6 31. Nxb6 Nc6 32. Rd7 Na5 33. Nc4 Nxc4 34. Rxb7 Ne3+ 35. Kf3 Nd5 36. Ra7 Bc1 37. Rxa6 Bxf4 38. Kg4 Bd2 39. Ra7 Bb4 40. Rd7 Bc3 41. Kf3 Kf8 42. Ke4 Bd2 43. Ke5 Bxg5 44. Kd6 Bf4+ 45. Kc6 Bd2 46. Kc5 Bb4+ 47. Kd4 g5 48. Ke5 g4 49. Rb7 g3 50. Ra7 g2 51. Ra1 Bc3+ 52. Ke4 Bxa1 0-1


[Site "https://www.chess.com"]

[Event "Titled Tuesday Blitz May 2 Late 2023"]
[White "Stork, Oliver"]
[Black "Maranhao,Jose Renato Ruiz"]
[WhiteFideId "12955728"]
[BlackFideId "2135175"]
[WhiteElo "2239"]
[BlackElo "1970"]
[Result "1-0"]
[Round "01"]
[TimeControl "180+2"]
[Date "2023.05.02"]
[WhiteClock "0:00:00"]
[BlackClock "0:00:00"]

1. b3 Nf6 2. Bb2 d5 3. Nf3 Nc6 4. d3 Bg4 5. Nbd2 e6 6. g3 Bd6 7. Bg2 O-O 8. O-O Re8 9. Qe1 Bb4 10. c3 Bf8 11. e4 e5 12. c4 d4 13. h3 Bd7 14. Nh2 Nb4 15. Qe2 Qc8 16. g4 c5 17. a3 Nc6 18. f4 a5 19. f5 Kh8 20. g5 Ng8 21. Ng4 a4 22. Qf2 axb3 23. Nxb3 Nd8 24. Qh4 Ba4 25. Nd2 Bc2 26. Rf3 Qc6 27. Raf1 Qb6 28. Bc1 Ra6 29. g6 fxg6 30. fxg6 1-0


[Site "https://www.chess.com"]

[Event "Titled Tuesday Blitz May 2 Late 2023"]
[White "Dovbnia, Nikita"]
[Black "Bayo Milagro, Alvaro"]
[WhiteFideId "54104599"]
[BlackFideId "22275240"]
[WhiteElo "2076"]
[BlackElo "2270"]
[Result "0-1"]
[Round "01"]
[TimeControl "180+2"]
[Date "2023.05.02"]
[WhiteClock "0:00:00"]
[BlackClock "0:00:00"]

1. Nf3 Nf6 2. b3 d5 3. Bb2 e6 4. e3 Be7 5. c4 O-O 6. Nc3 b6 7. cxd5 exd5 8. Rc1 a6 9. Ne2 c5 10. Ng3 Nc6 11. Bd3 d4 12. O-O Be6 13. Re1 Qd7 14. exd4 Nxd4 15. Bxd4 cxd4 16. Ne4 Nxe4 17. Bxe4 Rac8 18. Qe2 b5 19. Qd3 f5 20. Ne5 fxe4 21. Nxd7 exd3 22. Nxf8 Kxf8 23. Rxc8+ Bxc8 24. Re4 Bf6 25. f3 Bf5 26. Rf4 Bg6 27. g4 Ke7 28. h4 Be5 0-1


[Site "https://www.chess.com"]

[Event "Titled Tuesday Blitz May 2 Late 2023"]
[White "Vargas, Mauricio"]
[Black "Maurizzi, Marc`Andria"]
[WhiteFideId "4404572"]
[BlackFideId "36083534"]
[WhiteElo "1998"]
[BlackElo "2421"]
[Result "0-1"]
[Round "01"]
[TimeControl "180+2"]
[Date "2023.05.02"]
[WhiteClock "0:00:00"]
[BlackClock "0:00:01"]

1. e4 e5 2. Nf3 Nf6 3. d4 Nxe4 4. dxe5 d5 5. exd6 Bxd6 6. Bd3 Nf6 7. O-O O-O 8. Re1 h6 9. Bd2 Nc6 10. Bc3 Bg4 11. Nbd2 Nh5 12. h3 Bd7 13. Nd4 Nf4 14. Bc4 Qg5 15. Re3 Qxg2# 0-1


[Site "https://www.chess.com"]

[Event "Titled Tuesday Blitz May 2 Late 2023"]
[White "Graif, William"]
[Black "Ismayilova, Khanim"]
[WhiteFideId "2609835"]
[BlackFideId "13429019"]
[WhiteElo "2205"]
[BlackElo "1633"]
[Result "1-0"]
[Round "01"]
[TimeControl "180+2"]
[Date "2023.05.02"]
[WhiteClock "0:00:00"]
[BlackClock "0:00:00"]

1. e4 c5 2. Nc3 Nc6 3. Bb5 g6 4. Bxc6 dxc6 5. d3 Bg7 6. Be3 b6 7. f4 e6 8. Nf3 Ne7 9. O-O O-O 10. Qe1 f5 11. Qh4 Qd6 12. Rad1 Ba6 13. Rfe1 Rae8 14. Bc1 Nc8 15. Kh1 Qd7 16. Ne2 Nd6 17. b3 Nb5 18. Ne5 Qc7 19. a4 Nd4 20. Nxd4 cxd4 21. Nf3 c5 22. exf5 exf5 23. Ng5 Bf6 24. Qh3 Bxg5 25. fxg5 Bb7 26. Kg1 Qc6 27. Bf4 Qd5 28. Qg3 Re6 29. Rxe6 Qxe6 30. Re1 Qd7 31. Bd6 Re8 32. Re5 Kf7 33. Qh4 Kg8 34. Qe1 Kf7 35. h4 Rxe5 36. Qxe5 Qe6 37. Qxe6+ Kxe6 38. Bb8 a6 39. Ba7 b5 40. Bxc5 Kd5 41. Bb6 bxa4 42. bxa4 Bc6 43. a5 Ba4 44. Kf2 Bxc2 45. Ke2 Bb1 46. Kd2 Ba2 47. Kc2 Kc6 48. Bxd4 Bd5 49. g3 Kb5 50. Bb6 Kb4 51. Kd2 Kb5 52. Ke3 Kc6 53. Kd4 Bg2 54. Ke5 Kd7 55. Kf6 Ke8 56. Kg7 Ke7 57. Kxh7 Kf7 58. h5 gxh5 59. g6+ Kf6 60. g7 Bd5 61. g8=Q Bxg8+ 62. Kxg8 Kg5 63. d4 f4 64. gxf4+ Kxf4 65. Kf7 h4 66. Ke6 Ke4 67. d5 h3 68. Bc7 Kd4 69. Bh2 Kc5 70. d6 Kc6 71. d7 Kb5 72. d8=Q Ka4 73. Qd5 Kb4 74. Ke5 Ka4 75. Qc5 Kb3 76. Qd4 Ka2 77. Qc3 Kb1 78. Qd2 Ka1 79. Kd4 Kb1 80. Kc3 Ka1 81. Qb2# 1-0


[Site "https://www.chess.com"]

[Event "Titled Tuesday Blitz May 2 Late 2023"]
[White "Munoz Misselis, Nelson Carlos"]
[Black "Tomaszewski, Kacper"]
[WhiteFideId "6601790"]
[BlackFideId "1127373"]
[WhiteElo "1749"]
[BlackElo "2211"]
[Result "0-1"]
[Round "01"]
[TimeControl "180+2"]
[Date "2023.05.02"]
[WhiteClock "0:00:00"]
[BlackClock "0:00:00"]

1. d4 d6 2. c4 Nf6 3. Nc3 Nbd7 4. e3 e5 5. Nf3 Be7 6. Be2 O-O 7. O-O c6 8. a3 Qc7 9. h3 a6 10. Bd2 Re8 11. Rc1 Bf8 12. b4 b6 13. d5 c5 14. e4 g6 15. Be3 Bg7 16. Qd2 Nh5 17. Bh6 Bh8 18. Nd1 Nf8 19. Ne3 Nf4 20. Rfe1 Bd7 21. Nf1 Nxe2+ 22. Qxe2 f5 23. exf5 gxf5 24. N1h2 Ng6 25. Bd2 Rf8 26. Ng5 f4 27. f3 Rae8 28. Ne4 Bf6 29. Ng4 Bh4 30. Red1 h5 31. Nh2 Kh8 32. Be1 Rg8 33. Bxh4 Nxh4 34. Nf6 Rxg2+ 35. Qxg2 Nxg2 36. Nxe8 Bxe8 37. Kxg2 Qg7+ 38. Ng4 hxg4 39. hxg4 e4 40. Rh1+ Kg8 41. Rh2 Qb2+ 42. Kh3 Qxc1 0-1


[Site "https://www.chess.com"]

[Event "Titled Tuesday Blitz May 2 Late 2023"]
[White "Kleiman, Jake"]
[Black "Lohia, Sohum"]
[WhiteFideId "2020041"]
[BlackFideId "5819369"]
[WhiteElo "2399"]
[BlackElo "2036"]
[Result "1-0"]
[Round "01"]
[TimeControl "180+2"]
[Date "2023.05.02"]
[WhiteClock "0:00:00"]
[BlackClock "0:00:00"]

1. e4 e5 2. Nc3 Nf6 3. Nf3 Nc6 4. Bb5 Bb4 5. O-O O-O 6. d3 d6 7. Bxc6 bxc6 8. Ne2 h6 9. Ng3 Re8 10. h3 d5 11. c3 Bd6 12. Re1 Ba6 13. Qc2 Rb8 14. Be3 c5 15. Rad1 d4 16. Bc1 Bf8 17. c4 Bc8 18. Nh2 g5 19. Qe2 Bg7 20. Ng4 Qd7 21. Nf5 Nxg4 22. hxg4 Rb6 23. g3 Qa4 24. b3 Qa6 25. Kg2 Bxf5 26. gxf5 f6 27. Rh1 Qc8 28. Rdg1 Qd7 29. Kf1 Qf7 30. f4 Kf8 31. Rh5 Ke7 32. Rgh1 Kd7 33. Bd2 Rbb8 34. Ke1 Ra8 35. Kd1 a5 36. a4 Kc6 37. Kc2 Kb6 38. Qe1 Reb8 39. Kb2 c6 40. Ka2 Qb7 41. Qd1 Qf7 42. Qc2 Ka6 43. Be1 Rb7 44. Qd2 Kb6 45. Qb2 Kc7 46. Qa3 Kd6 47. Bd2 Rab8 48. fxe5+ fxe5 49. Rxh6+ Bxh6 50. Rxh6+ Kc7 51. Bxa5+ Kd7 52. Qxc5 Qe7 53. Qxc6# 1-0


[Site "https://www.chess.com"]

[Event "Titled Tuesday Blitz May 2 Late 2023"]
[White "Viasus, Juan Diego"]
[Black "Karas, Marek"]
[WhiteFideId "4464346"]
[BlackFideId "14928558"]
[WhiteElo "1249"]
[BlackElo "2233"]
[Result "0-1"]
[Round "01"]
[TimeControl "180+2"]
[Date "2023.05.02"]
[WhiteClock "0:00:00"]
[BlackClock "0:00:00"]

1. d4 Nf6 2. Bf4 d5 3. e3 c5 4. c3 Nc6 5. Nd2 Qb6 6. Qb3 c4 7. Qxb6 axb6 8. Ngf3 Bf5 9. Nh4 Bg6 10. Nxg6 hxg6 11. Be2 e6 12. f3 b5 13. e4 Be7 14. O-O O-O 15. a3 Nd7 16. Be3 Nb6 17. Bd1 Rfe8 18. f4 dxe4 19. Nxe4 Nd5 20. Bf2 Nxf4 21. a4 b4 22. Nc5 Bxc5 23. dxc5 b3 24. Bg3 Nd3 25. Rf3 Nxb2 26. Be2 Rxa4 27. Raf1 f6 28. Bh4 g5 0-1


[Site "https://www.chess.com"]

[Event "Titled Tuesday Blitz May 2 Late 2023"]
[White "Maatman, Nick"]
[Black "Nakamura, Hikaru"]
[WhiteFideId "1040391"]
[BlackFideId "2016192"]
[WhiteElo "2346"]
[BlackElo "2885"]
[Result "1/2-1/2"]
[Round "02"]
[TimeControl "180+2"]
[Date "2023.05.02"]
[WhiteClock "0:00:24"]
[BlackClock "0:00:24"]

1. d4 Nf6 2. c4 e6 3. g3 d5 4. Bg2 Bb4+ 5. Nd2 O-O 6. Nf3 b6 7. O-O Bb7 8. Ne5 Nbd7 9. Qa4 Bd6 10. Nxd7 Qxd7 11. Qxd7 Nxd7 12. cxd5 exd5 13. Nc4 Be7 14. Bf4 c6 15. Nd6 Bxd6 16. Bxd6 Rfe8 17. Bf3 g5 18. g4 Nf8 19. Rfe1 Ng6 20. Bg3 Re6 21. Rac1 Rae8 22. e3 Nf8 23. b4 b5 24. a4 a6 25. axb5 axb5 26. Ra1 Nd7 27. Ra7 Bc8 28. Rc7 Nb6 29. Ra1 R8e7 30. Raa7 Rxc7 31. Rxc7 Kf8 32. Be2 Ke8 33. Bd3 Rh6 34. Bf5 Bxf5 35. gxf5 Nc4 36. Be5 Nxe5 37. dxe5 g4 38. e6 Rf6 39. exf7+ Kf8 40. Kg2 h5 41. Kg3 Rxf5 42. Rxc6 Rf3+ 43. Kg2 h4 44. Rc5 h3+ 45. Kf1 Rf5 46. Rxb5 Kxf7 47. Rb8 Kg7 48. b5 g3 49. hxg3 h2 50. Kg2 Rxf2+ 51. Kh1 Re2 52. b6 Rxe3 53. Kxh2 Rb3 54. b7 d4 55. Kg2 d3 56. Kf3 d2+ 57. Ke2 Rb2 58. Kd1 Kh7 59. g4 Kg7 60. g5 Kh7 61. g6+ Kg7 62. Ke2 d1=B+ 63. Kxd1 Rb6 64. Kd2 Rb5 65. Kc3 Rb6 66. Kc4 Rb1 67. Kc5 Rb2 68. Kd6 Rd2+ 69. Kc7 Rc2+ 70. Kd7 Rd2+ 71. Ke6 Rb2 72. Kf5 Rb5+ 73. Ke4 Rb1 74. Kd3 Rb3+ 75. Kc4 Rb6 76. Kc5 Rb1 77. Kc6 Rc1+ 78. Kd7 Rd1+ 79. Ke6 Re1+ 80. Kf5 Rf1+ 81. Kg4 Rb1 82. Kh4 Rb4+ 83. Kg3 Rb1 84. Kh2 Rb3 85. Kg1 Rb2 86. Kf1 Rb1+ 87. Ke2 Rb2+ 88. Kd1 Rb6 89. Kc2 Rb5 90. Kc3 Rb6 91. Kc4 Rb1 92. Kc5 Rc1+ 93. Kd5 Rd1+ 94. Ke4 Rb1 95. Kd3 Rb6 96. Kc4 1/2-1/2


[Site "https://www.chess.com"]

[Event "Titled Tuesday Blitz May 2 Late 2023"]
[White "Firouzja, Alireza"]
[Black "Mendez Fortes, Eduardo Jesus"]
[WhiteFideId "12573981"]
[BlackFideId "3502376"]
[WhiteElo "2904"]
[BlackElo "2307"]
[Result "1-0"]
[Round "02"]
[TimeControl "180+2"]
[Date "2023.05.02"]
[WhiteClock "0:00:53"]
[BlackClock "0:00:14"]

1. d4 Nf6 2. Bg5 d5 3. e3 c5 4. Bxf6 gxf6 5. dxc5 Qa5+ 6. Nd2 e6 7. a3 Qxc5 8. c4 Nc6 9. Ngf3 d4 10. Nb3 Qb6 11. exd4 Bg7 12. c5 Qc7 13. Be2 Bd7 14. O-O O-O 15. Qc2 Ne7 16. Nbd2 Bc6 17. Rad1 Rad8 18. Nc4 Nf5 19. Qc3 Rd7 20. Ne3 Ne7 21. Nd2 Rfd8 22. Ndc4 Nd5 23. Nxd5 Rxd5 24. Bf3 Rg5 25. Nd6 Bf8 26. h4 Rg7 27. d5 exd5 28. Nf5 d4 29. Rxd4 Rxd4 30. Qxd4 Bxf3 31. Nxg7 Bxc5 32. Qxf6 Bc6 33. Nf5 Qf4 34. Qg7# 1-0


[Site "https://www.chess.com"]

[Event "Titled Tuesday Blitz May 2 Late 2023"]
[White "Manukyan, Sargis A."]
[Black "Caruana, Fabiano"]
[WhiteFideId "13303970"]
[BlackFideId "2020009"]
[WhiteElo "2187"]
[BlackElo "2837"]
[Result "1/2-1/2"]
[Round "02"]
[TimeControl "180+2"]
[Date "2023.05.02"]
[WhiteClock "0:00:09"]
[BlackClock "0:00:17"]

1. d4 Nf6 2. c4 e6 3. Nc3 Bb4 4. a3 Bxc3+ 5. bxc3 b6 6. e3 Nc6 7. Bd3 Ba6 8. e4 O-O 9. Bg5 h6 10. Bh4 d6 11. Ne2 e5 12. O-O g5 13. Bg3 Nh5 14. c5 Bxd3 15. Qxd3 Qf6 16. d5 Ne7 17. c6 Qg6 18. f3 f5 19. Be1 fxe4 20. fxe4 Rxf1+ 21. Kxf1 Rf8+ 22. Kg1 Nf4 23. Nxf4 Rxf4 24. Qh3 Qxe4 25. Qe6+ Rf7 26. Bg3 Kg7 27. h3 Qxd5 28. Qg4 Nf5 29. Bf2 Qxc6 30. h4 Kg6 31. hxg5 h5 32. Qh3 Qe4 33. Rf1 c5 34. a4 d5 35. a5 d4 36. axb6 axb6 37. Re1 Qf4 38. Qd3 c4 39. Qxc4 Qxf2+ 40. Kxf2 Nd6+ 41. Qxf7+ Nxf7 42. cxd4 exd4 43. Re6+ Kxg5 44. Rxb6 Ne5 45. Rd6 d3 46. Ke3 Kg4 47. Rd5 Kf5 48. Rd4 Kg5 49. Re4 Kf5 50. Rf4+ Kg5 51. Rf8 Kg4 52. Rg8+ Kf5 53. g3 Kf6 54. Rh8 Kg5 55. Re8 Kf5 56. Rf8+ Kg4 57. Rg8+ Kf5 58. Rg7 Kf6 59. Rg8 Kf5 60. Rg7 Kf6 61. Rg8 Kf5 1/2-1/2


[Site "https://www.chess.com"]

[Event "Titled Tuesday Blitz May 2 Late 2023"]
[White "Tatarinov, Dmitry"]
[Black "Paravyan, David"]
[WhiteFideId "24160067"]
[BlackFideId "4194985"]
[WhiteElo "2326"]
[BlackElo "2563"]
[Result "1/2-1/2"]
[Round "02"]
[TimeControl "180+2"]
[Date "2023.05.02"]
[WhiteClock "0:00:55"]
[BlackClock "0:00:09"]

1. Nf3 Nf6 2. d4 g6 3. c4 Bg7 4. g3 d6 5. Bg2 O-O 6. O-O c5 7. Nc3 Nc6 8. d5 Na5 9. Nd2 e6 10. e4 Re8 11. h3 Nd7 12. Qc2 a6 13. Rb1 Bd4 14. b3 Ne5 15. Ne2 exd5 16. cxd5 Bd7 17. b4 Bb5 18. Nxd4 Bxf1 19. Bxf1 cxd4 20. bxa5 Rc8 21. Qa4 Qg5 22. Qxd4 Rxc1 23. Rxc1 Qxd2 24. Qxd2 Nf3+ 25. Kg2 Nxd2 26. Rc7 Rxe4 27. Rxb7 Nxf1 28. Kxf1 Ra4 29. Rb6 Rxa5 30. Rxd6 Rxa2 31. g4 h6 32. Kg2 Kf8 33. Rd7 a5 34. d6 Rd2 35. Kf3 a4 36. Ke3 Rd1 37. Rd8+ Kg7 38. Ke2 Rd5 39. Ra8 a3 40. Rxa3 Rxd6 41. Re3 Kf6 42. Kf3 Rd5 43. Kg3 h5 44. gxh5 Rg5+ 45. Kh2 Rxh5 46. Rf3+ Kg7 47. Ra3 Rb5 48. Kg2 f6 49. Kh2 Kh6 50. Kg2 f5 51. Kh2 g5 52. Kg2 Kh5 53. Ra8 Rd5 54. Rh8+ Kg6 55. Rg8+ Kf6 56. Rf8+ Ke5 57. Re8+ Kf4 58. Re3 Rd4 59. Re1 Re4 60. Rd1 g4 61. hxg4 fxg4 62. Rd8 Re5 63. Rf8+ Rf5 64. Rg8 Rg5 65. Rb8 Re5 66. Rb6 Re4 67. Rb5 Re5 68. Rxe5 Kxe5 69. Kg3 Kf5 70. f3 gxf3 71. Kxf3 1/2-1/2


[Site "https://www.chess.com"]

[Event "Titled Tuesday Blitz May 2 Late 2023"]
[White "Duda, Jan-Krzysztof"]
[Black "Taichman, Ori"]
[WhiteFideId "1170546"]
[BlackFideId "2804069"]
[WhiteElo "2790"]
[BlackElo "2237"]
[Result "1-0"]
[Round "02"]
[TimeControl "180+2"]
[Date "2023.05.02"]
[WhiteClock "0:01:17"]
[BlackClock "0:00:07"]

1. e4 e5 2. Nf3 d6 3. d4 exd4 4. Nxd4 Nf6 5. Nc3 Be7 6. Be3 O-O 7. Qd2 d5 8. exd5 Nxd5 9. Nxd5 Qxd5 10. Be2 Rd8 11. O-O c5 12. Nf3 Qxd2 13. Nxd2 Nc6 14. c3 b6 15. Bf3 Bb7 16. Rfe1 Bf6 17. Nc4 Rd7 18. Bf4 Rad8 19. Nd6 Ba8 20. Bg3 Ne5 21. Bxa8 Rxa8 22. Rxe5 Rxd6 23. Rxc5 Rd2 24. Rb5 Rad8 25. h4 Rd1+ 26. Rxd1 Rxd1+ 27. Kh2 Rb1 28. a4 g6 29. h5 gxh5 30. Bb8 a6 31. Rb4 b5 32. axb5 axb5 33. Bf4 Kg7 34. Rxb5 Bxc3 35. Rg5+ Kf6 36. bxc3 Rb2 37. Be3 Rc2 38. Rxh5 Kg6 39. Rh6+ Kg7 40. Rh3 1-0


[Site "https://www.chess.com"]

[Event "Titled Tuesday Blitz May 2 Late 2023"]
[White "Zarubitski, Viachaslau"]
[Black "Bluebaum, Matthias"]
[WhiteFideId "13509373"]
[BlackFideId "24651516"]
[WhiteElo "2284"]
[BlackElo "2638"]
[Result "0-1"]
[Round "02"]
[TimeControl "180+2"]
[Date "2023.05.02"]
[WhiteClock "0:00:12"]
[BlackClock "0:00:29"]

1. e4 e6 2. d3 d5 3. Nd2 Nf6 4. Ngf3 Be7 5. g3 a5 6. Bg2 a4 7. a3 c5 8. O-O Nc6 9. Re1 h6 10. h4 O-O 11. e5 Nh7 12. Nf1 f6 13. N1h2 f5 14. h5 Bd7 15. Bf4 Be8 16. Nd2 Bf7 17. c4 Nd4 18. Be3 dxc4 19. Nxc4 Rb8 20. Bf4 Be8 21. Nd6 Bc6 22. Rc1 Bxg2 23. Kxg2 Nb3 24. Rc3 b5 25. Rxb3 axb3 26. Qxb3 Qd7 27. Nf3 Rfd8 28. Rc1 c4 29. dxc4 bxc4 30. Qa2 Ng5 31. Bxg5 hxg5 32. Rxc4 g4 33. Nd4 Bxd6 34. exd6 Qxd6 35. Rc6 Qxd4 36. Qxe6+ Kh8 37. Qg6 Qe4+ 38. Kh2 Rxb2 0-1


[Site "https://www.chess.com"]

[Event "Titled Tuesday Blitz May 2 Late 2023"]
[White "Andreikin, Dmitry"]
[Black "Bruedigam, Martin"]
[WhiteFideId "4158814"]
[BlackFideId "24608033"]
[WhiteElo "2736"]
[BlackElo "2331"]
[Result "1-0"]
[Round "02"]
[TimeControl "180+2"]
[Date "2023.05.02"]
[WhiteClock "0:00:51"]
[BlackClock "0:00:01"]

1. d4 d5 2. c4 e6 3. Nf3 a6 4. cxd5 exd5 5. Nc3 Nf6 6. Bg5 Be6 7. e3 Nbd7 8. h3 c6 9. Bd3 Bd6 10. O-O Qc7 11. Qd2 O-O 12. Bf4 g6 13. Rfe1 Nh5 14. Bxd6 Qxd6 15. Na4 Ng7 16. b4 Bf5 17. Bf1 Be4 18. Ng5 Bf5 19. Nc5 Nxc5 20. bxc5 Qe7 21. Nf3 Rae8 22. Ne5 f6 23. Nd3 g5 24. Rab1 h5 25. Rb3 Rf7 26. Reb1 Bc8 27. Re1 Qe4 28. f3 Qg6 29. Nf2 Rfe7 30. e4 g4 31. fxg4 dxe4 32. Qf4 hxg4 33. hxg4 Ne6 34. Bc4 Kg7 35. Qe3 Ng5 36. d5 cxd5 37. Bxd5 Rd8 38. Rd1 Red7 39. Qf4 Rxd5 40. Rxd5 Rxd5 41. Qc7+ Bd7 42. Rxb7 Ne6 43. Qc6 e3 44. Qxd5 exf2+ 45. Kxf2 Qc2+ 46. Kg3 Nxc5 47. Rc7 Qc3+ 48. Kh2 Qe3 49. Qxc5 Qf4+ 50. Kg1 1-0


[Site "https://www.chess.com"]

[Event "Titled Tuesday Blitz May 2 Late 2023"]
[White "Antonica, Dragos-Andrei"]
[Black "Bortnyk, Olexandr"]
[WhiteFideId "1246372"]
[BlackFideId "14120828"]
[WhiteElo "2285"]
[BlackElo "2734"]
[Result "1/2-1/2"]
[Round "02"]
[TimeControl "180+2"]
[Date "2023.05.02"]
[WhiteClock "0:00:23"]
[BlackClock "0:00:35"]

1. b3 e5 2. Bb2 Nc6 3. c4 Nf6 4. e3 d5 5. cxd5 Nxd5 6. a3 Be6 7. Qc2 a6 8. Nf3 Bd6 9. d3 O-O 10. Nbd2 Qe7 11. Be2 Rad8 12. O-O Qf6 13. Ne4 Qg6 14. Kh1 Nf6 15. Nxd6 cxd6 16. Rac1 Rc8 17. Qd1 Qh6 18. b4 Ne7 19. Qd2 Ng4 20. Kg1 f5 21. h3 Nf6 22. Rxc8 Bxc8 23. Rc1 g5 24. e4 fxe4 25. dxe4 Nxe4 26. Qe3 Bf5 27. Rc7 Rf7 28. Bc4 d5 29. Rxe7 dxc4 30. Rxf7 Kxf7 31. Nxe5+ Kg8 32. Qd4 Qf6 33. Qxc4+ Qe6 34. Qc7 h5 35. Ng4 Qd7 36. Nh6+ Kh7 37. Qxd7+ Bxd7 38. Nf7 Be6 39. Nd8 Bd5 40. f3 Nd2 41. Bc1 Nc4 42. Bxg5 Nxa3 43. Kf2 Kg6 44. Be7 Nc2 45. h4 b6 46. g4 a5 47. bxa5 bxa5 48. Kg3 Nd4 49. Bc5 Nxf3 50. gxh5+ Kxh5 51. Ne6 a4 52. Nf4+ Kh6 53. Nxd5 Nxh4 54. Kxh4 Kg6 55. Nc3 Kf5 56. Nxa4 Ke5 57. Kg4 Kd5 58. Kf3 Kc4 59. Bf8 Kb5 60. Nc5 Kc6 61. Ke4 Kc7 62. Ke5 Kc6 63. Ke6 Kc7 64. Kd5 Kb6 65. Bd6 Kb5 66. Ne4 Kb6 67. Kc4 Kb7 68. Bc5 Kc8 69. Kd5 Kc7 70. Bd6+ Kb7 71. Nc5+ Kb6 72. Nd7+ Kb7 73. Bc5 Kc7 74. Ke6 Kb7 75. Kd6 Kc8 76. Kc6 Kd8 77. Bd6 Kc8 78. Ne5 Kd8 79. Kd5 Kc8 80. Nc4 Kb7 81. Kc5 Kc8 82. Kc6 Kd8 83. Nb6 Ke8 84. Kd5 Kf7 85. Ke5 Kg6 86. Ke6 Kg5 87. Nd5 Kg4 88. Ke5 Kf3 89. Kd4 Ke2 90. Nc3+ Kf2 91. Kd3 Kf3 92. Ne2 Kf2 93. Be5 Kf3 94. Nd4+ Kg2 95. Ke3 Kh1 96. Kf3 Kg1 97. Ne2+ Kh1 98. Ng3+ Kg1 99. Bd4+ Kh2 100. Kf2 Kh3 101. Kf3 Kh2 102. Be3 Kh3 103. Bg1 Kh4 104. Ne4 Kh3 105. Nf2+ Kh4 106. Kf4 1/2-1/2


[Site "https://www.chess.com"]

[Event "Titled Tuesday Blitz May 2 Late 2023"]
[White "Kollars, Dmitrij"]
[Black "Msellek, Ilyass"]
[WhiteFideId "12909572"]
[BlackFideId "675938"]
[WhiteElo "2584"]
[BlackElo "2302"]
[Result "0-1"]
[Round "02"]
[TimeControl "180+2"]
[Date "2023.05.02"]
[WhiteClock "0:00:04"]
[BlackClock "0:00:12"]

1. c4 b6 2. e4 Bb7 3. Nc3 e6 4. g3 Bb4 5. Bg2 Bxc3 6. bxc3 d6 7. d3 Nf6 8. f4 O-O 9. Nf3 Nbd7 10. O-O Nc5 11. h3 Nfd7 12. Be3 a5 13. f5 exf5 14. exf5 Re8 15. Qd2 Ne5 16. Nxe5 dxe5 17. Bxb7 Nxb7 18. f6 g6 19. Bxb6 Re6 20. Be3 Nd6 21. Bg5 e4 22. Rad1 exd3 23. Qxd3 Qe8 24. h4 Qc6 25. Qd5 Ne4 26. Rfe1 Nxg5 27. hxg5 Rxe1+ 28. Rxe1 Qb6+ 29. c5 Qa7 30. Re7 Rf8 31. Qd4 Qb7 32. Re2 Qb1+ 33. Kh2 Qf5 34. Qf4 Qxc5 35. Qh4 h5 36. gxh6 Kh7 37. Qf4 Qh5+ 38. Kg1 Qxe2 39. Qxc7 Qe1+ 40. Kg2 Qd2+ 41. Kh3 Qxh6+ 42. Kg2 Qd2+ 43. Kh3 Qd5 44. Qe7 Qe6+ 45. Qxe6 fxe6 0-1


[Site "https://www.chess.com"]